 Dungeon Sprint DCSS version 0.18-a0-1203-gbde16db (webtiles) character file.

1318 Oddball22 the Pioneer (level 8, -2/68 HPs)
             Began as a Deep Dwarf Artificer on Feb 1, 2016.
             Was an Elder of Pakellas.
             Slain by a spiny frog (7 damage)
             ... in the Dungeon (Sprint IX: "|||||||||||||||||||||||||||||").
             The game lasted 00:04:50 (478 turns).

Oddball22 the Pioneer (Deep Dwarf Artificer)         Turns: 478, Time: 00:04:50

Health: -2/68      AC: 13    Str: 17    XL:     8   Next: 33%
Magic:  3/19       EV: 14    Int: 13    God:    Pakellas [****..]
Gold:   11         SH:  0    Dex: 16    Spells: 0 memorised, 7 levels left

rFire  . . .     SeeInvis .     y - +1 Sword of Power
rCold  . . .     Gourm    .     u - +1 chain mail
rNeg   . . .     Faith    .     (shield currently unavailable)
rPois  .         Spirit   .     (no helmet)
rElec  .         Dismiss  .     (no cloak)
rCorr  .         Reflect  .     t - +0 pair of gloves
SustAt .         Harm     .     (no boots)
MR     +....     NoTele   +     (no amulet)
Stlth  ..........               w - +2 ring of evasion
                                v - +3 ring of dexterity

@: lethally poisoned (-2 -> -2), non-regenerating, somewhat resistant to hostile
enchantments, extremely unstealthy
A: damage resistance, recharge devices, sense surroundings 1, slow regeneration
3
a: Device Recharging, Quick Charge, Device Surge, Renounce Religion


You were in the Dungeon.
You worshipped Pakellas.
Pakellas was greatly pleased with you.
You were not hungry.

You visited 1 branch You collected 11 gold pieces.

Inventory:

Hand Weapons
 y - the +1 Sword of Power (weapon)
   (You found it in the Dungeon)
Armour
 t - a +0 pair of gloves (worn)
 u - a +1 chain mail (worn)
Rods
 b - a +5 rod of ignition (14/14)
   (Pakellas gifted it to you in the Dungeon)
Jewellery
 v - a +3 ring of dexterity (left hand)
 w - a +2 ring of evasion (right hand)
Wands
 a - a wand of lightning (8/15)
 c - a wand of flame (13/48)
 d - a wand of enslavement (15/24)
 e - a wand of random effects (12/48)
 f - a wand of heal wounds (3/9)
 r - a wand of fireball (7/15)
Scrolls
 m - 3 scrolls of blinking
 n - a scroll of identify
 p - 3 scrolls of remove curse
 q - 2 scrolls of amnesia
 z - 2 scrolls of enchant weapon
 A - a scroll of fog
 B - a scroll of recharging
Potions
 h - 6 potions of curing
 i - 7 potions of heal wounds
 j - a potion of haste
 k - 4 potions of magic
 l - a potion of cure mutation
 o - a potion of invisibility
 x - a potion of berserk rage
Comestibles
 g - a bread ration


   Skills:
 - Level 2.4 Fighting
   Level 0.8 Short Blades
   Level 8.2 Axes
 + Level 9.2 Armour
 + Level 9.5 Dodging
 - Level 1.2 Stealth
 * Level 15.0 Evocations


You had 7 spell levels left.
You didn't know any spells.

Dungeon Overview and Level Annotations

Branches:
Dungeon (1/1)

Altars:
Cheibriados
Dithmenos
Elyvilon
Fedhas
Gozag
Kikubaaqudgha
Makhleb
Nemelex Xobeh
Okawaru
Pakellas
Qazlal
Ru
Sif Muna
Trog
Vehumet
Xom
Yredelemnul
Zin
The Shining One
Beogh
Jiyva
Lugonu


Innate Abilities, Weirdness & Mutations

You are resistant to damage.
You can recharge devices by infusing magical energy.
You passively map a small area around you.
You do not regenerate naturally.


Message History

The spiny frog poisons you! The spiny frog misses you.
You slice the spiny frog!!
You kill the spiny frog!
Pakellas accepts your kill.
Your Armour skill increases to level 9!
Your Evocations skill increases to level 15!
The spiny frog stings you!
A water moccasin comes into view.
The water moccasin hisses angrily.
You slash the spiny frog!
The spiny frog is heavily wounded.
The spiny frog stings you!
* * * LOW HITPOINT WARNING * * *
The spiny frog barely misses you.
You slash the spiny frog!
The spiny frog is severely wounded.
The spiny frog stings you!
* * * LOW HITPOINT WARNING * * *
The spiny frog stings you!
You die...

▓.▓.▓.▓
* *
▓.▓.▓)▓
▓.▓.▓.▓
*,
▓.▓.▓.▓
, *
▓'▓.▓.▓
*
▓_▓.▓)▓
*, ,
▓_▓.▓.▓
*
▓_▓.▓.▓
* *
▓_▓.▓@▓
,
▓_▓.▓F▓
*
▓_▓.▓r▓,
* ,
▓_▓.▓H▓
▓_▓.▓r▓
* *
▓_▓.▓S▓
* * *
▓_▓.▓S▓
*
▓_▓.▓.▓
* *,
▓_▓.▓ ,


You could see a hippogriff, a spiny frog, 2 water moccasins, a porcupine and a
river rat.

Vanquished Creatures
  A hill giant (D)
  A spiny frog (D)
  A troll (D)
  An orc warrior (D)
  A centaur (D)
  An ogre (D)
  A crocodile (D)
  A scorpion (D)
  A worker ant (D)
  An adder skeleton (D)
  An orc (D)
  A ball python (D)
  A bat skeleton (D)
  3 goblins (D)
  A hobgoblin (D)
  2 jackals (D)
  A jackal zombie (D)
  A quokka zombie (D)
  A rat (D)
22 creatures vanquished.

Vanquished Creatures (others)
  An adder (D)
1 creature vanquished.

Grand Total: 23 creatures vanquished

Notes
Turn   | Place    | Note
--------------------------------------------------------------
     0 | D        | Oddball22 the Deep Dwarf Artificer began the quest for the Orb.
     0 | D        | Reached XP level 1. HP: 16/16 MP: 3/3
     9 | D        | Reached skill level 1 in Fighting
    18 | D        | Reached skill level 1 in Armour
    52 | D        | Reached XP level 2. HP: 16/26 MP: 5/5
    59 | D        | Reached skill level 5 in Evocations
    75 | D        | Found a glowing silver altar of Zin.
    75 | D        | Found a glowing golden altar of the Shining One.
    75 | D        | Found an ancient bone altar of Kikubaaqudgha.
    75 | D        | Found a basalt altar of Yredelemnul.
    75 | D        | Found a shimmering altar of Xom.
    75 | D        | Found a radiant altar of Vehumet.
    76 | D        | Found an iron altar of Okawaru.
    77 | D        | Found a burning altar of Makhleb.
    78 | D        | Found a deep blue altar of Sif Muna.
    79 | D        | Found a bloodstained altar of Trog.
    80 | D        | Found a sparkling altar of Nemelex Xobeh.
    81 | D        | Found a white marble altar of Elyvilon.
    82 | D        | Found a roughly hewn altar of Beogh.
    83 | D        | Found a viscous altar of Jiyva.
    84 | D        | Found a corrupted altar of Lugonu.
    85 | D        | Found a blossoming altar of Fedhas.
    86 | D        | Found a snail-covered altar of Cheibriados.
    87 | D        | Found a shadowy altar of Dithmenos.
    88 | D        | Found a stormy altar of Qazlal.
    89 | D        | Found an opulent altar of Gozag.
    90 | D        | Found a sacrificial altar of Ru.
    91 | D        | Found an oddly glowing altar of Pakellas.
    99 | D        | Became a worshipper of Pakellas the Inventive
   147 | D        | Noticed a centaur
   147 | D        | Noticed an ogre
   147 | D        | Noticed a hill giant
   160 | D        | Killed a hill giant
   160 | D        | Reached * piety under Pakellas
   160 | D        | Reached skill level 6 in Axes
   160 | D        | Reached skill level 7 in Armour
   160 | D        | Reached skill level 12 in Evocations
   160 | D        | Reached XP level 3. HP: 25/33 MP: 5/10
   160 | D        | Reached XP level 4. HP: 30/40 MP: 6/12
   160 | D        | Reached XP level 5. HP: 34/46 MP: 6/13
   160 | D        | Reached XP level 6. HP: 40/55 MP: 6/15
   162 | D        | Reached XP level 7. HP: 27/61 MP: 6/16
   166 | D        | HP: 2/61 [ogre/giant club (22)]
   169 | D        | Reached ** piety under Pakellas
   169 | D        | Received a gift from Pakellas
   169 | D        | Reached skill level 13 in Evocations
   190 | D        | Noticed a troll
   201 | D        | Killed a troll
   213 | D        | Reached *** piety under Pakellas
   223 | D        | Reached skill level 14 in Evocations
   239 | D        | Reached **** piety under Pakellas
   239 | D        | Received a gift from Pakellas
   239 | D        | Reached XP level 8. HP: 11/68 MP: 7/18
   473 | D        | Noticed a spiny frog
   473 | D        | Noticed a spiny frog
   476 | D        | Killed a spiny frog
   476 | D        | Reached skill level 15 in Evocations
   478 | D        | Slain by a spiny frog

Vault maps used:
D:        linesprint

Action                   |  1- 3 |  4- 6 |  7- 9 || total
-------------------------+-------+-------+-------++-------
Melee: Short sword       |    48 |       |       ||    48
       War axe           |    11 |     1 |    48 ||    60
       Great sword       |       |       |     5 ||     5
Invok: Quick Charge      |       |       |     2 ||     2
Evoke: Wand              |       |       |    11 ||    11
  Use: Potion            |     1 |       |       ||     1
